 Dungeon Crawl Stone Soup version 0.30-a0-1112-gfb780f5df6 (webtiles) character file.

Game seed: 17836034810358145691

231 BlueFish the Sneak (level 6, -2/41 HPs)
             Began as an Octopode Warper on Apr 19, 2023.
             Slain by an ogre
             ... wielding a +0 giant club
              (18 damage)
             ... on level 4 of the Dungeon on Apr 20, 2023.
             The game lasted 00:06:44 (3238 turns).

BlueFish the Sneak (Octopode Warper)                Turns: 3238, Time: 00:06:45

Health: -2/41      AC:  1    Str: 12    XL:     6   Next: 3%
Magic:  10/10      EV: 14    Int: 16    God:
Gold:   68         SH:  0    Dex: 17    Spells: 3/10 levels left

rFire   . . .      SeeInvis .    a - +0 mace
rCold   . . .      Faith    .    (no shield)
rNeg    . . .      Spirit   .    (helmet restricted)
rPois   .          Reflect  .    (no amulet)
rElec   .          Rampage  .    h - ring of flight
rCorr   .                        p - +6 ring of dexterity
Will    .....                    t - +4 ring of slaying
Stlth   ++++                     (no ring)
HPRegen 0.26/turn                (no ring)
MPRegen 0.12/turn                (no ring)
                                 (no ring)
                                 (no ring)

@: flying
A: almost no armour, amphibious, 8 rings, camouflage 1, gelatinous body 1,
(nimble swimmer 1), tentacles
a: no special abilities


You were on level 4 of the Dungeon.
You visited 1 branch of the dungeon, and saw 4 of its levels.

You collected 101 gold pieces.
You spent 33 gold pieces at shops.

Inventory:

Hand Weapons
 a - a +0 mace (weapon)
Missiles
 c - 7 boomerangs of dispersal
 d - 11 boomerangs
 g - 20 stones (quivered)
Jewellery
 h - a ring of flight (left tentacle)
 p - a +6 ring of dexterity (right tentacle)
 t - a +4 ring of slaying (on tentacle)
Scrolls
 b - 3 scrolls of blinking
 e - 3 scrolls of teleportation
 f - a scroll of summoning {unknown}
 k - a scroll of fog
 l - a scroll of immolation {unknown}
 m - a scroll of enchant armour {unknown}
 r - a scroll of vulnerability {unknown}
Potions
 i - 2 potions of berserk rage
 j - 5 potions of curing
 n - 2 potions of heal wounds
 o - a potion of attraction {unknown}
 q - a potion of mutation {unknown}
 s - a potion of flight {unknown}


   Skills:
 + Level 2.7 Fighting
 + Level 2.7 Maces & Flails
 + Level 2.1 Throwing
 + Level 3.1 Dodging
 * Level 4.0 Stealth
 + Level 2.7 Spellcasting
 + Level 3.5 Translocations


You had 3 spell levels left.
You knew the following spells:

 Your Spells              Type           Power      Damage    Failure   Level
a - Blink                 Tloc           26%        N/A       7%          2
b - Lesser Beckoning      Tloc           26%        N/A       7%          2
c - Teleport Other        Tloc           13%        N/A       14%         3

Your spell library contained the following spells:

 Spells                   Type           Power      Damage    Failure   Level
 Scorch                   Fire           4%         2d5       28%         2
 Vhi's Electric Charge    Tloc/Air       14%        N/A       28%         3
 Manifold Assault         Tloc           13%        N/A       41%         4
 Flame Wave               Conj/Fire      2%         2d4       88%         4
 Summon Cactus Giant      Summ           1%         N/A       100%        6


Dungeon Overview and Level Annotations

Branches:
Dungeon (4/15)
 Temple: D:4-7

Altars:
Ashenzari
Fedhas
Makhleb
Trog
Wu Jian
Xom

Shops:
D:1 !   D:2 *=*[


Innate Abilities, Weirdness & Mutations

You cannot wear most types of armour.
You are amphibious.
You can wear up to eight rings at the same time.
Your skin changes colour to match your surroundings (Stealth+).
Your rubbery body absorbs attacks. (AC +1, EV +1)
((You are camouflaged when in or above water. (Stealth+)))
You have tentacles for arms and can constrict up to eight enemies at once.


Message History

Aiming: Lesser Beckoning (safe; 7% risk of failure)
Press: ? - help, Shift-Dir - straight line, f - orc
Aim: an orc, wielding a +0 club and quivering boomerangs (100% to hit)
The orc hurls suddenly forward!
The orc hits you with a +0 club. The orc completely misses you.
You fly upwards.
There is a stone staircase leading down here.
You hit the orc.
You kill the orc!
d - 11 boomerangs (gained 2)
You see here a +0 club.
Magic restored.
There is an open door here.
There is a stone staircase leading down here.
You fly downwards.
There is a stone staircase leading up here.
HP restored.
An orc comes into view. It is wielding a +0 trident.
An ogre comes into view. It is wielding a +0 giant club.
Casting: Lesser Beckoning (safe; 7% risk of failure)
Confirm with . or Enter, or press ? or * to list all spells.
Aiming: Lesser Beckoning (safe; 7% risk of failure)
Press: ? - help, Shift-Dir - straight line, f - orc
Aim: an orc, wielding a +0 trident and wearing a +0 leather armour (asleep, 100% to hit)
The orc shouts!
The orc hurls suddenly forward!
The orc hits you with a +0 trident.
You sock the orc!
You kill the orc!
Okay, then.
You sock the ogre! You squeeze the ogre!
The ogre is heavily wounded.
The ogre barely misses you.
You hit the ogre.
The ogre is severely wounded.
The ogre hits you with a +0 giant club!!
Ouch! That really hurt!
You barely miss the ogre. You squeeze the ogre!
The ogre is almost dead.
The ogre hits you with a +0 giant club!!
You die...

.^>.......##........#
#.....#...##.....)..#
#.....#...# #...#
###รท###...# ###.#
..........# #.#
....#####.# #.#
###.#####.# #.# #
#.....#.# #O# .
#####.#.######@# .#
#.#........# .#
#.########## ## #.#
#.# #.# #.# #.#
#######.#


You could see an ogre.

Vanquished Creatures
  Natasha (D:2)
  A gnoll (D:4)
  11 adders
  2 worms (D:2)
  3 dart slugs
  5 orcs
  7 ball pythons
  8 endoplasms
  2 giant cockroaches (D:4)
  13 goblins
  8 hobgoblins
  4 quokkas
  5 bats
  A frilled lizard (D:2)
  4 kobolds
  7 rats
82 creatures vanquished.

Vanquished Creatures (others)
  5 plants (D:2)
5 creatures vanquished.

Grand Total: 87 creatures vanquished

Notes
Turn   | Place    | Note
-------+----------+-------------------------------------------
     0 | D:1      | BlueFish the Octopode Warper began the quest for the Orb.
     0 | D:1      | Reached XP level 1. HP: 14/14 MP: 3/3
   111 | D:1      | Reached skill level 1 in Stealth
   111 | D:1      | Reached XP level 2. HP: 11/19 MP: 5/5
   368 | D:1      | Found Vuhingeh's Distillery.
   408 | D:1      | Reached skill level 2 in Stealth
   408 | D:1      | Reached XP level 3. HP: 20/24 MP: 6/6
   411 | D:1      | Learned a level 2 spell: Blink
   414 | D:1      | Learned a level 2 spell: Lesser Beckoning
   460 | D:1      | Bought a potion of curing for 33 gold pieces
   727 | D:2      | Found Mytymeuz's Assorted Antiques.
   735 | D:2      | Found Jimnil's Jewellery Boutique.
   790 | D:2      | Reached XP level 4. HP: 13/30 MP: 7/7
   794 | D:2      | Learned a level 3 spell: Teleport Other
  1076 | D:2      | Noticed Natasha
  1086 | D:2      | HP: 1/30 [cerulean imp/+2 spear[Natasha] (2)]
  1087 | D:2      | Killed Natasha
  1088 | D:2      | Reached skill level 3 in Stealth
  1220 | D:2      | Reached XP level 5. HP: 35/35 MP: 8/8
  1348 | D:2      | Found Suvosey's Antique Armour Shoppe.
  1438 | D:2      | Found a shimmering altar of Xom.
  1506 | D:2      | Found Begatoab's Assorted Antiques.
  1641 | D:2      | Found a faded altar of an unknown god.
  2689 | D:3      | Noticed a moth of wrath
  2692 | D:3      | Found a bloodstained altar of Trog.
  3125 | D:4      | Found an ornate altar of the Wu Jian Council.
  3126 | D:4      | Found a blossoming altar of Fedhas.
  3126 | D:4      | Found a burning altar of Makhleb.
  3127 | D:4      | Found a broken altar of Ashenzari.
  3142 | D:4      | Reached skill level 4 in Stealth
  3142 | D:4      | Reached XP level 6. HP: 35/41 MP: 7/10
  3238 | D:4      | Slain by an ogre

Illustrated notes

Levels and vault maps discovered:
D:1:      psy_arrival_basics, layout_rooms, serial_shops,
          nicolae_shop_tiny_statue_garden
D:2:      layout_loops_cross, serial_shops, shop, shop_statue,
          nicolae_shop_window_shopping, shop, basic_altar,
          dilly_ecumenical_altar_fadedgnrine, uniq_natasha
D:3:      layout_basic, tgw_trog
D:4:      old_forge, layout_basic, zin_scriptorium,
          chequers_temple_overflow_statue_of_worship, st_stairs_3,
          minmay_misc_feat_alley, uniq_eustachio, uniq_sigmund, uniq_robin,
          uniq_edmund

Skill      XL: |  1  2  3  4  5 |
---------------+----------------+-----
Stealth        | 1 2 3 4 |  4.0
Throwing       | 2 |  2.1
Dodging        | 3 |  3.1
Fighting       | |  2.7
Maces & Flails | |  2.7
Spellcasting   | |  2.7
Translocations | |  3.5

Action                     |  1- 3 |  4- 6 || total
---------------------------+-------+-------++-------
  Melee: Mace              |    62 |   107 ||   169
         Tentacles         |    16 |    24 ||    40
         Constrict         |    13 |    29 ||    42
  Throw: Boomerang         |       |     1 ||     1
   Cast: Lesser Beckoning  |       |     3 ||     3
    Use: Scroll            |       |     4 ||     4
   Stab: Sleeping          |     7 |    19 ||    26
 Armour: Skin              |       |     2 ||     2
  Dodge: Dodged            |    25 |    66 ||    91

Table legend: (Time is in decaauts)
 A = Elapsed time spent in this place.
 B = Non-inter-level travel time spent in this place.
 C = Inter-level travel time spent in this place.
 D = Time resting spent in this place.
 E = Time spent auto-exploring this place.
 F = Levels seen in this place.
 G = Mean time per level.
                   A        B        C        D        E       F      G
               +--------+--------+--------+--------+--------+-----+--------+
         Total |   3285 |   3134 |    151 |      0 |   2350 |   4 |  821.2 |
       Dungeon |   3285 |   3134 |    151 |      0 |   2350 |   4 |  821.2 |
               +--------+--------+--------+--------+--------+-----+--------+

Top non-repeatable levels by time:
     D:3: 1149 daAuts
     D:2: 1061 daAuts
     D:1: 714 daAuts
     D:4: 359 daAuts
